 Dungeon Crawl Stone Soup version 0.17.0-28-g6e173f8 (webtiles) character file.

3182 Ijustatesigmund the Covert (level 9, -11/44 HPs)
             Began as a Vine Stalker Assassin on Nov 26, 2015.
             Was a Priest of Cheibriados.
             Mangled by a killer bee (12 damage)
             ... on level 7 of the Dungeon.
             The game lasted 00:19:20 (6407 turns).

Ijustatesigmund the Covert (Vine Stalker Assassin)  Turns: 6407, Time: 00:19:23

Health: -11/44     AC: 10    Str: 23    XL:     9   Next: 95%
Magic:  0/14       EV: 12    Int: 22    God:    Cheibriados [***...]
Gold:   374        SH:  0    Dex: 23    Spells: 0 memorised, 14 levels left

rFire  . . .     SeeInvis .     j - +3 short sword (distort)
rCold  + . .     Clarity  .     p - +2 robe {rC+}
rNeg   . . .     SustAt   .     (no shield)
rPois  .         Gourm    .     E - +0 helmet
rElec  .         Spirit   +     d - +0 cloak
rCorr  .         Warding  .     O - +2 pair of gloves
rMut   +         Stasis   .     v - +0 pair of boots
MR     ++...                    w - amulet of resist mutation
Stlth  +++++.....               J - ring of protection from magic
                                t - ring of invisibility

@: lethally poisoned (-11 -> -28), about to teleport, very slow, very resistant
to hostile enchantments, quite stealthy
A: fangs 3, regeneration 2, magic shield, antimagic bite, no device heal 3, rot
immunity
a: Bend Time, Temporal Distortion, Renounce Religion, Evoke Invisibility


You were on level 7 of the Dungeon.
You worshipped Cheibriados.
Cheibriados was most pleased with you.
You were not hungry.

You visited 2 branches of the dungeon, and saw 9 of its levels.

You collected 374 gold pieces.

Inventory:

Hand Weapons
 a - a +2 dagger
 b - a +0 blowgun
 j - a +3 short sword of distortion (weapon)
Missiles
 e - 29 poisoned needles
 f - 2 curare-tipped needles
 H - 8 tomahawks (quivered)
Armour
 d - a +0 cloak (worn)
 p - a +2 robe of cold resistance (worn)
 v - a +0 pair of boots (worn)
 E - a +0 helmet (worn)
 O - a +2 pair of gloves (worn)
Jewellery
 t - a ring of invisibility (left hand)
 w - an amulet of resist mutation (around neck)
 D - an uncursed ring of flight
 J - a ring of protection from magic (right hand)
Wands
 c - a wand of confusion (22)
 n - a wand of teleportation (6)
Scrolls
 m - 3 scrolls of remove curse
 x - a scroll of enchant weapon
 y - a scroll of teleportation
 C - a scroll of fog
 N - a scroll of random uselessness {unknown}
Potions
 h - 2 potions of agility {unknown}
 i - a potion of flight {unknown}
 k - a potion of cure mutation
 l - a potion of haste
 o - 4 potions of curing
 q - a potion of berserk rage
 s - 2 potions of ambrosia
 u - 2 potions of lignification {unknown}
 z - a potion of brilliance {unknown}
 A - a potion of mutation {unknown}
 L - 2 potions of heal wounds {unknown}
 M - a potion of poison {unknown}
Books
 B - a book of the Earth

   Spells                             Type                      Level
   a - Leda's Liquefaction            Hexes/Earth                  4
   b - Bolt of Magma                  Conjuration/Fire/Earth       5
   c - Statue Form                    Transmutation/Earth          6
   d - Iron Shot                      Conjuration/Earth            6
   e - Shatter                        Earth                        9
 F - a book of Hinderance

   Spells                             Type                      Level
   a - Confusing Touch                Hexes                        2
   b - Confuse                        Hexes                        3
   c - Gell's Gravitas                Hexes/Translocation          3
   d - Petrify                        Transmutation/Earth          4
   e - Metabolic Englaciation         Hexes/Ice                    5
 I - a book of Changes

   Spells                             Type                      Level
   a - Beastly Appendage              Transmutation                1
   b - Sticks to Snakes               Transmutation                2
   c - Spider Form                    Transmutation/Poison         3
   d - Ice Form                       Ice/Transmutation            4
   e - Blade Hands                    Transmutation                5
Comestibles
 g - 4 bread rations
 r - 5 meat rations
 G - a slice of pizza


   Skills:
 + Level 3.3 Fighting
 + Level 7.1 Short Blades
 + Level 7.4 Throwing
 - Level 0.7 Dodging
 - Level 10.0 Stealth
 + Level 3.0 Spellcasting


You had 14 spell levels left.
You didn't know any spells.

Dungeon Overview and Level Annotations

Branches:
Dungeon (8/15)             Temple (1/1) D:5
   Lair: D:8-11

Altars:
Cheibriados
Dithmenos
Elyvilon
Fedhas
Gozag
Makhleb
Nemelex Xobeh
Yredelemnul


Innate Abilities, Weirdness & Mutations

You have razor-sharp teeth.
You heal very quickly.
When hurt, damage is shared between your health and your magic reserves.
Your bite disrupts and absorbs the magic of your enemies.
Potions and wands cannot restore your health.
You are immune to rotting.


Message History

A mysterious force pulls you upwards. The hatch slams shut behind you.
* * * LOW HITPOINT WARNING * * *
You feel sick.
Unknown command.
Evoke which item? (* to show all) (? for menu, Esc to quit)
Zapping:
n - a wand of teleportation (7)
Press: ? - help, Shift-Dir - straight line, f - you You feel strangely unstable.
This wand has 6 charges left.
* * * LOW HITPOINT WARNING * * *
You feel sick. The killer bee barely misses you.
The killer bee barely misses you.
The giant frog hits you but does no damage.
The killer bee closely misses you. The giant frog barely misses you.
* * * LOW HITPOINT WARNING * * *
You feel very sick. The killer bee stings you!
* * * LOW HITPOINT WARNING * * *
You are more poisoned.
The killer bee poisons you! The killer bee stings you!
You die...

...#.##..# ###...........##
...####..# #...#####....#
...# #..# #..## ##...## ...#
##.## #..# ##....#
...#####..####.#####...#.##
...##.##.......###...##...##
#........###.......###.....#
..................###......#
..).##[).)......@###..##..##
....###......##.y#...######
.....#...######..F...# ##.##
.........#####......####.#.#
#.........##............##.#
#...#)........##..#..###.####
...##...##.######.#..# ##.#.#
#..##..###.## #.#..# ##..#
##..#..# #..# #....########


You could see a giant frog and a killer bee (berserk).

Vanquished Creatures
  Pikel (D:5)
  Grinder (D:4)
  Sigmund (D:6)
  An ice beast (D:7)
  3 ogres
  2 big kobolds (D:7)
  2 giant frogs
  A scorpion (D:6)
  A water moccasin skeleton (D:5)
  9 killer bees (D:8)
  2 jellies
  A quasit (D:8)
  4 hounds
  A centaur skeleton (D:6)
  A centaur zombie (D:5)
  2 giant frog skeletons
  3 orc priests
  4 iguanas
  5 orc wizards
  Jessica (D:7)
  3 worker ants
  A killer bee zombie (D:8)
  A hound skeleton (D:4)
  3 gnolls (D:4)
  7 adders
  4 shadow imps
  An ooze (D:4)
  2 adder skeletons
  3 worms
  17 orcs
  A ball python (D:4)
  8 bats
  2 giant cockroaches
  4 hobgoblins
  12 jackals
  10 kobolds
  2 quokkas
  6 giant geckos
  3 giant gecko skeletons
  3 giant newts
  3 goblins
  A jackal zombie (D:5)
  A quokka skeleton (D:4)
  A quokka zombie (D:5)
  7 rats
152 creatures vanquished.

Vanquished Creatures (others)
  An orc warrior (D:6)
  A phantom (D:4)
  A giant frog (D:7)
  2 killer bees (D:8)
  An orc wizard (D:5)
  A hound skeleton (D:4)
  An adder (D:5)
  A worm (D:5)
  3 orcs
  A bat (D:3)
13 creatures vanquished.

Grand Total: 165 creatures vanquished

Notes
Turn   | Place    | Note
--------------------------------------------------------------
     0 | D:1      | Ijustatesigmund the Vine Stalker Assassin began the quest for the Orb.
     0 | D:1      | Reached XP level 1. HP: 11/11 MP: 2/2
   194 | D:1      | Reached skill level 5 in Stealth
   207 | D:1      | Reached XP level 2. HP: 13/15 MP: 3/3
   654 | D:2      | Reached XP level 3. HP: 16/18 MP: 4/4
   728 | D:2      | Found an opulent altar of Gozag.
  1595 | D:3      | Reached XP level 4. HP: 21/23 MP: 5/5
  1837 | D:4      | Reached XP level 5. HP: 26/26 MP: 6/6
  1854 | D:4      | Noticed a phantom
  1856 | D:4      | Banished a phantom
  1856 | D:4      | Reached skill level 6 in Stealth
  1892 | D:4      | Noticed Grinder
  2085 | D:4      | Gained mutation: You heal very quickly. [Vine Stalker growth]
  2085 | D:4      | Reached XP level 6. HP: 12/30 MP: 1/7
  2097 | D:5      | Entered Level 5 of the Dungeon
  2145 | D:5      | Noticed Pikel
  2482 | D:4      | Killed Grinder
  2482 | D:4      | Reached skill level 7 in Stealth
  2482 | D:4      | Reached XP level 7. HP: 28/34 MP: 5/8
  2656 | D:5      | Killed Pikel
  2656 | D:5      | Reached skill level 5 in Short Blades
  2656 | D:5      | Reached skill level 5 in Throwing
  2656 | D:5      | Reached skill level 8 in Stealth
  2656 | D:5      | Gained mutation: You have razor-sharp teeth. [Vine Stalker growth]
  2656 | D:5      | Reached XP level 8. HP: 38/38 MP: 9/9
  2726 | D:5      | Found a staircase to the Ecumenical Temple.
  2745 | Temple   | Entered the Ecumenical Temple
  2817 | Temple   | Became a worshipper of Cheibriados the Contemplative
  3326 | D:5      | Found an opulent altar of Gozag.
  3419 | D:5      | You fall through a shaft for 2 floors!
  3496 | D:7      | Reached * piety under Cheibriados
  3710 | D:7      | Reached skill level 9 in Stealth
  4472 | D:6      | Reached ** piety under Cheibriados
  4595 | D:6      | Reached XP level 9. HP: 42/42 MP: 10/10
  4852 | D:6      | Noticed Sigmund
  4858 | D:6      | Killed Sigmund
  4971 | D:6      | Reached skill level 10 in Stealth
  5273 | D:7      | Reached skill level 1 in Spellcasting
  5857 | D:7      | Found a sparkling altar of Nemelex Xobeh.
  5857 | D:7      | Noticed Jessica
  5861 | D:7      | Killed Jessica
  6032 | D:8      | Found a white marble altar of Elyvilon.
  6052 | D:8      | Reached *** piety under Cheibriados
  6407 | D:7      | HP: 1/44 [killer bee (3)]
  6407 | D:7      | Mangled by a killer bee

Action                   |  1- 3 |  4- 6 |  7- 9 || total
-------------------------+-------+-------+-------++-------
Melee: Dagger            |    36 |       |       ||    36
       Short sword       |    42 |    57 |   226 ||   325
Throw: Tomahawk          |       |       |     6 ||     6
Evoke: Wand              |       |       |     1 ||     1
  Use: Scroll            |    11 |     3 |     7 ||    21
       Potion            |       |       |     1 ||     1
 Stab: Sleeping          |    10 |     8 |    22 ||    40
  Eat: Bread ration      |     1 |       |       ||     1
       Chunk             |       |       |     6 ||     6
       Beef jerky        |       |       |     2 ||     2
